 Dungeon Crawl Stone Soup version 0.28.0-45-g0d030f2227 (webtiles) character file.

Game seed: 4503549205219568723

4437 suse60 the Cleaver (level 10, -1/87 (93) HPs)
             Began as a Minotaur Monk on Apr 11, 2022.
             Was a Priest of Makhleb.
             Slain by an orc warrior
             ... wielding a +2 mace of draining
              (20 damage)
             ... on level 7 of the Dungeon on Apr 12, 2022.
             The game lasted 01:02:01 (9090 turns).

suse60 the Cleaver (Minotaur Monk)                  Turns: 9090, Time: 01:02:03

HP:   -1/87 (93)    AC:  8    Str: 18    XL:     10   Next: 14%
MP:   12/12         EV: 13    Int:  7    God:    Makhleb [***...]
Gold: 521           SH:  4    Dex: 17    Spells: 9/9 levels left

rFire   + + .      SeeInvis .   w - +4 whip "Cookie Cutter" {vorpal, rC++ Stlth-}
rCold   + + +      Faith    .   (no shield)
rNeg    + + .      Spirit   .   r - +1 scale mail "Xuaggecw" {rF+ rC+ rN++}
rPois   .          Reflect  .   (helmet restricted)
rElec   .          Harm     .   c - scarf {rC+ rF+}
rCorr   .          Rampage  .   (no gloves)
Will    .....                   (no boots)
Stlth   ..........              p - amulet of the acrobat
HPRegen 0.24/turn               n - ring of protection from cold
MPRegen 0.13/turn               (no ring)

@: drained
A: horns 2, retaliatory headbutt, large bone plates 1, strong 1, wild magic 1
a: Renounce Religion, Minor Destruction, Lesser Servant of Makhleb


You were on level 7 of the Dungeon.
You worshipped Makhleb.
Makhleb was most pleased with you.
You visited 2 branches of the dungeon, and saw 9 of its levels.

You collected 521 gold pieces.

Inventory:

Hand Weapons
 s - a +0 hand axe of flaming
 w - the +4 whip "Cookie Cutter" (weapon) {vorpal, rC++ Stlth-}
   (You found it on level 7 of the Dungeon)

   It inflicts extra damage upon your enemies.
   rC:        It greatly protects you from cold.
   Stlth:     It makes you less stealthy.
Missiles
 a - a curare-tipped dart
 b - 22 poisoned darts (quivered)
Armour
 c - a scarf of resistance (worn)
 r - the +1 scale mail "Xuaggecw" (worn) {rF+ rC+ rN++}
   (You found it on level 5 of the Dungeon)

   rF:        It protects you from fire.
   rC:        It protects you from cold.
   rN:        It greatly protects you from negative energy.
Jewellery
 n - a ring of protection from cold (left hand)
 p - an amulet of the acrobat (around neck)
Wands
 h - a wand of mindburst (2)
 u - a wand of flame (26)
Scrolls
 d - 3 scrolls of enchant weapon
 f - a scroll of fear {unknown}
 i - a scroll of enchant armour
 j - a scroll of immolation {unknown}
 o - a scroll of teleportation {unknown}
 q - a scroll of summoning {unknown}
Potions
 e - 3 potions of berserk rage
 g - a potion of might
 k - a potion of magic {unknown}
 l - 3 potions of flight
 m - a potion of invisibility {unknown}
 t - a potion of curing
 x - 2 potions of lignification {unknown}


   Skills:
 + Level 10.0 Fighting
 + Level 10.1 Axes
 - Level 7.1 Armour
 - Level 7.4 Dodging
 - Level 1.5 Stealth
 + Level 4.7 Invocations


You had 9 spell levels left.
You didn't know any spells.
Your spell library contained the following spells:

 Spells                   Type           Power      Damage    Failure   Level
 Freeze                   Ice            0%         1d3       85%         1
 Sublimation of Blood     Necr           0%         N/A       93%         2
 Wereblood                Tmut           0%         N/A       93%         2
 Frozen Ramparts          Ice            0%         1d2       99%         3
 Hailstorm                Conj/Ice       0%         3d3       100%        4
 Ice Form                 Ice/Tmut       0%         N/A       100%        4
 Summon Ice Beast         Ice/Summ       0%         N/A       100%        4
 Conjure Ball Lightning   Conj/Air       0%         3x3d6     100%        6
 Summon Hydra             Summ           0%         N/A       100%        7
 Discord                  Hex            0%         N/A       100%        8
 Disjunction              Tloc           0%         N/A       100%        8


Dungeon Overview and Level Annotations

Branches:
Dungeon (8/15)             Temple (1/1) D:5            Lair (0/6) D:8

Altars:
Ashenzari
Cheibriados
Dithmenos
Elyvilon
Fedhas
Gozag
Kikubaaqudgha
Makhleb
Nemelex Xobeh
Okawaru
Qazlal
Ru
Sif Muna
Uskayaw
Vehumet
Wu Jian
Xom
Zin
The Shining One

Annotations:
D:3 3 runed translucent doors, kthxbai's ghost, amateur NaVM


Innate Abilities, Weirdness & Mutations

You have a pair of horns on your head.
You reflexively headbutt those who attack you in melee.
You are partially covered in large bone plates. (SH +4)
Your muscles are strong. (Str +2)
Your spells are a little harder to cast, but a little more powerful.


Message History

You throw a poisoned dart.
The poisoned dart hits the two-headed ogre.
Throw: 23 darts (poison)
Press: ? - help, Q - select action, (/) - cycle Shift-Dir - straight line, f/p - two-headed ogre
Aim: a two-headed ogre, wielding a +0 great mace of holy wrath and a +0 giant spiked club (poisoned, 78% to hit)
You throw a poisoned dart.
The poisoned dart barely misses the two-headed ogre.
The poisoned dart hits the orc warrior.
The orc warrior is lightly wounded.
Aiming: Mindburst
Press: ? - help, Q - select action, (/) - cycle Shift-Dir - straight line, f/p - two-headed ogre
Aim: a two-headed ogre, wielding a +0 great mace of holy wrath and a +0 giant spiked club (poisoned, chance to affect: 47%)
The two-headed ogre's minds are blasted!
Aiming: Mindburst
Press: ? - help, Q - select action, (/) - cycle Shift-Dir - straight line, f/p - two-headed ogre
Aim: a two-headed ogre, wielding a +0 great mace of holy wrath and a +0 giant spiked club (moderately wounded, poisoned, chance to affect: 47%)
The two-headed ogre resists with some effort.
You completely miss the two-headed ogre.
You headbutt the two-headed ogre.
The two-headed ogre is heavily wounded.
The two-headed ogre looks more healthy.
The two-headed ogre completely misses you.
You furiously retaliate!
You headbutt the two-headed ogre! The two-headed ogre closely misses you.
You hit the two-headed ogre.
The two-headed ogre is severely wounded.
The orc warrior misses you. You furiously retaliate!
You headbutt the orc warrior. The two-headed ogre barely misses you.
The two-headed ogre misses you.
You hit the two-headed ogre.
The two-headed ogre is almost dead.
The orc warrior hits you with a +2 mace of draining.
You partially resist.
You feel drained.
You whack the two-headed ogre!
The two-headed ogre is almost dead.
The two-headed ogre hits you with a +0 great mace of holy wrath!
The two-headed ogre hits you with a +0 giant spiked club!
* * * LOW HITPOINT WARNING * * *
The orc warrior hits you with a +2 mace of draining!!
You die...

###..#.".###.##...##..........
#....#....##.....###.....###.#
###..#.........#..###....# #.#
#........##..........#.###.#
##......##.........###..##.#
##.....................###..
##......................####.
##......##................##..
##).....###...@.(........!.....
#.>.....###...Oo...............
##[[..###..........#...........
#....# #.........##...........
##...####.##....####.....##...
##....#...##.(...#.#.....###..
##...........#(...........#.#..
#........##.##.##............(.
#...##......##.##..............


You could see a two-headed ogre and an orc warrior.

Vanquished Creatures
  A cyclops (D:7)
  A steam dragon (D:8)
  A warg (D:8)
  2 water moccasins (D:8)
  An orc warrior (D:8)
  2 sky beasts
  4 necrophages
  4 ogres
  A black bear (D:4)
  An ice beast (D:7)
  2 hornet zombies
  2 centaurs (D:7)
  A phantom (D:5)
  3 kobold brigands
  4 bullfrogs
  A wyvern zombie (D:5)
  3 scorpions
  A water moccasin zombie (D:5)
  A water moccasin skeleton (D:6)
  9 howler monkeys
  A bullfrog zombie (D:7)
  6 hounds
  A jelly (D:5)
  5 orc priests
  A bullfrog skeleton (D:5)
  An iguana (D:3)
  Jessica (D:2)
  Ijyb (D:3)
  4 orc wizards
  A hound zombie (D:5)
  Robin (D:3)
  2 howler monkey skeletons
  6 gnolls
  9 adders
  2 shadow imps (D:7)
  A white imp (D:5)
  2 adder skeletons
  A worm (D:4)
  5 dart slugs
  28 orcs
  6 bats
  5 endoplasms
  3 giant cockroaches
  4 hobgoblins
  2 jackals (D:4)
  4 quokkas
  8 ball pythons
  3 frilled lizards
  15 goblins
  11 kobolds
  5 rats
190 creatures vanquished.

Vanquished Creatures (others)
  4 fungi (D:8)
  7 plants (D:8)
11 creatures vanquished.

Grand Total: 201 creatures vanquished

Notes
Turn   | Place    | Note
-------+----------+-------------------------------------------
     0 | D:1      | suse60 the Minotaur Monk began the quest for the Orb.
     0 | D:1      | Reached XP level 1. HP: 19/19 MP: 0/0
   361 | D:1      | Reached XP level 2. HP: 27/27 MP: 1/1
   378 | D:1      | Reached skill level 1 in Armour
  1097 | D:2      | Reached XP level 3. HP: 28/33 MP: 2/2
  1366 | D:2      | Reached XP level 4. HP: 39/40 MP: 3/3
  1673 | D:2      | Noticed Jessica
  1676 | D:2      | Gained mutation: Your magical capacity is low. (-10% MP)
                  | [potion of mutation]
  1676 | D:2      | Gained mutation: You are agile. (Dex +2) [potion of
                  | mutation]
  1679 | D:2      | Killed Jessica
  1910 | D:2      | Reached XP level 5. HP: 24/47 MP: 3/3
  2390 | D:2      | Noticed a necrophage
  2405 | D:2      | Killed a necrophage
  2406 | D:2      | Reached skill level 5 in Fighting
  2406 | D:2      | Reached skill level 5 in Axes
  2554 | D:3      | Found a faded altar of an unknown god.
  2566 | D:3      | Noticed Ijyb
  2752 | D:3      | Killed Ijyb
  2753 | D:3      | Reached XP level 6. HP: 23/56 MP: 4/4
  3443 | D:3      | Noticed Robin
  3460 | D:3      | Killed Robin
  3747 | D:3      | Found a runed translucent gate.
  3747 | D:3      | Found a runed translucent gate.
  3747 | D:3      | Found a runed translucent gate.
  3753 | D:3      | Noticed kthxbai's ghost (amateur NaVM)
  3924 | D:3      | Reached skill level 5 in Dodging
  4505 | D:4      | Reached XP level 7. HP: 61/62 MP: 5/5
  4729 | D:4      | Found a sacrificial altar of Ru.
  4962 | D:4      | Found a glowing silver altar of Zin.
  4962 | D:4      | Noticed an angel
  4991 | D:5      | Entered Level 5 of the Dungeon
  5411 | D:5      | Reached skill level 5 in Armour
  5557 | D:5      | Reached XP level 8. HP: 63/71 MP: 6/6
  5704 | D:5      | Identified the +1 scale mail "Xuaggecw" {rF+ rC+ rN++}
  5824 | D:5      | Found a staircase to the Ecumenical Temple.
  5984 | D:5      | Found a hide-covered altar of Uskayaw.
  6077 | D:5      | Found the +4 dagger "Morg" {pain, Will+ Int+5}
  6434 | D:6      | Found an ancient bone altar of Kikubaaqudgha.
  6503 | D:6      | Lost mutation: You are agile. (Dex +2) [potion of mutation]
  6503 | D:6      | Lost mutation: Your magical capacity is low. (-10% MP)
                  | [potion of mutation]
  6503 | D:6      | Gained mutation: Your muscles are strong. (Str +2) [potion
                  | of mutation]
  6503 | D:6      | Gained mutation: You are partially covered in large bone
                  | plates. (SH +4) [potion of mutation]
  6503 | D:6      | Gained mutation: Your spells are a little harder to cast,
                  | but a little more powerful. [potion of mutation]
  6842 | Temple   | Entered the Ecumenical Temple
  6894 | Temple   | Became a worshipper of Makhleb the Destroyer
  6894 | Temple   | Reached * piety under Makhleb
  6894 | Temple   | Reached ** piety under Makhleb
  7054 | D:7      | Noticed a cyclops
  7066 | D:7      | Killed a cyclops
  7067 | D:7      | Reached XP level 9. HP: 54/81 MP: 8/8
  7228 | D:7      | Identified the +4 whip "Cookie Cutter" {vorpal, rC++
                  | Stlth-}
  7340 | D:7      | Reached skill level 1 in Invocations
  7574 | D:7      | Identified the +0 ring mail of Charity {Str-5 Int+4 SInv}
  7778 | D:7      | Found an opulent altar of Gozag.
  8102 | D:8      | Found a staircase to the Lair.
  8684 | D:8      | Reached *** piety under Makhleb
  8708 | D:8      | Reached XP level 10. HP: 78/92 MP: 12/12
  8900 | D:8      | Reached skill level 10 in Fighting
  8900 | D:8      | Reached skill level 10 in Axes
  8962 | D:8      | Noticed a two-headed ogre
  9090 | D:7      | Slain by an orc warrior

Illustrated notes

Levels and vault maps discovered:
D:1:      evilmike_arrival_hilbert_curve, layout_loops_ring,
          grunt_decor_arrowhead, minmay_door_square, minivault_14
D:2:      layout_basic, minmay_misc_feat_x, uniq_jessica
D:3:      layout_loops_corners, nicolae_ecumenical_pavilion,
          gammafunk_ghost_necromancy, uniq_ijyb, uniq_robin
D:4:      layout_cave_pools, nicolae_ru_path_of_blood, zin_angel
D:5:      layout_loops_ring, nicolae_uskayaw_suspiria,
          minmay_temple_entry_from_below_a
D:6:      layout_rooms, nicolae_kikubaaqudgha_miasma_corner
D:7:      layout_cave_pools, nicolae_overflow_hidden_temple,
          kennysheep_generic_room_12
D:8:      lemuel_castle_with_subvaults [lemuel_castle_interior_carwin_3],
          layout_rooms, dpeg_oklobed_lair, minmay_misc_feat_four_crosses
Temple:   zaba_magenta_temple

Skill      XL: |  1  2  3  4  5  6  7  8  9 10 |
---------------+-------------------------------+-----
Armour         | 1 2 3 4 5 7 |  7.1
Axes           | 4 5 6 8 9 10 | 10.1
Fighting       | 4 5 6 8 9 10 | 10.0
Dodging        | 4 5 6 7 |  7.4
Invocations    | 4 |  4.7
Stealth        | |  1.5

Action                   |  1- 3 |  4- 6 |  7- 9 | 10-12 || total
-------------------------+-------+-------+-------+-------++-------
Melee: Hand axe          |    57 |   173 |   184 |       ||   414
       Headbutt          |     8 |    31 |    73 |    10 ||   122
       Punch             |     3 |     3 |     3 |     1 ||    10
       Whip              |       |       |   152 |    47 ||   199
Throw: Throwing net      |       |     2 |     1 |       ||     3
       Dart              |       |       |     5 |    12 ||    17
Evoke: Wand              |       |       |     6 |     2 ||     8
  Use: Scroll            |     2 |     4 |    10 |     1 ||    17
       Potion            |     1 |     3 |     2 |       ||     6
 Stab: Sleeping          |     2 |     3 |       |       ||     5
Armor: Robe              |     6 |     5 |       |       ||    11
       Scale mail        |       |    22 |    97 |     4 ||   123
Dodge: Dodged            |    37 |    66 |   199 |    26 ||   328
Block: Other             |       |       |    25 |     8 ||    33
